 Dungeon Crawl Stone Soup version 0.12.3 (webtiles) character file.

169 DEFE the Skirmisher (level 4, -2/32 HPs)
             Began as a Sludge Elf Fighter on Dec 6, 2022.
             Was an Initiate of Okawaru.
             Slain by an ogre
             ... wielding a cursed -1,-2 giant club
              (20 damage)
             ... on Level 3 of the Dungeon.
             The game lasted 00:04:28 (3148 turns).

DEFE the Skirmisher (Sludge Elf Fighter)            Turns: 3148, Time: 00:04:28

HP  -2/32        AC  8     Str 17      XL: 4   Next: 89%
MP   4/4         EV  5     Int 10      God: Okawaru [......]
Gold 60          SH 18     Dex 13      Spells:  0 memorised,  3 levels left

Res.Fire  : . . .   See Invis. : .   a - +2,+0 elf short sword
Res.Cold  : . . .   Warding    : .   b - +0 elf scale mail
Life Prot.: . . .   Conserve   : +   c - +0 elf shield
Res.Poison: .       Res.Corr.  : .   (no helmet)
Res.Elec. : .       Clarity    : .   (no cloak)
Sust.Abil.: . .     Spirit.Shd : .   w - +0 pair of gauntlets
Res.Mut.  : .       Stasis     : .   (no boots)
Res.Rott. : .       Ctrl.Telep.: .   e - amulet of conservation {unknown}
Saprovore : . . .   Flight     : .   (no ring)
                                     (no ring)

@: slightly resistant to hostile enchantments, extremely unstealthy
A: no striking features
a: Renounce Religion


You were on level 3 of the Dungeon.
You worshipped Okawaru.
Okawaru was noncommittal.
You were very hungry.

You visited 1 branch of the dungeon, and saw 3 of its levels.

You collected 40 gold pieces.

Inventory:

Hand weapons
 a - a +2,+0 elven short sword (weapon)
Armour
 b - a +0 elven scale mail (worn)
 c - a +0 elven shield (worn)
 w - a +0 pair of gauntlets (worn)
Comestibles
 d - a bread ration
 h - a pear
 i - 2 meat rations
 m - a beef jerky
 v - a snozzcumber
Scrolls
 j - a scroll of remove curse
 l - a scroll of magic mapping {unknown}
 o - a scroll of amnesia {unknown}
 p - 2 scrolls of identify {unknown}
 q - a scroll of curse jewellery {unknown}
 s - a scroll of enchant armour {unknown}
 t - a scroll of blinking {unknown}
Jewellery
 e - an amulet of conservation (around neck) {unknown}
Potions
 g - a potion of curing
 k - a potion of restore abilities {unknown}
 n - a potion of heal wounds {unknown}
 r - a potion of brilliance {unknown}
 u - a potion of paralysis {unknown}


   Skills:
 - Level 3.2 Fighting
 - Level 2.5 Short Blades
 - Level 2.4 Armour
 - Level 3.2 Dodging
 - Level 0.2 Stealth
 - Level 2.4 Shields
 - Level 0.8 Traps
 + Level 2.1 Unarmed Combat


You had 3 spell levels left.
You didn't know any spells.

Dungeon Overview and Level Annotations

Branches:
Dungeon (3/27)

Altars:
Okawaru


Message History

The ogre shouts!
You closely miss the ogre. The ogre hits you with a giant club!
Your shield and scale mail prevent you from hitting the ogre.
The ogre barely misses you.
You hit the ogre.
The ogre is lightly wounded.
The ogre hits you with a giant club.
You aren't carrying any items that can be evoked.
Unknown command.
Drink which item? (? for menu, Esc to quit)
You feel better.
It was a potion of curing.
The ogre hits you with a giant club!
You hit the ogre.
The ogre is moderately wounded.
Unknown command.
You hit the ogre.
The ogre is heavily wounded.
The ogre hits you with a giant club!
Ouch! That really hurt!
You die...

#.# #######.# #.......# #
#.#######.#
######.#######.######
....................######.#
##.......).....#...>.......#
#.......%.....#.##.########
##.......((....#@##.#
.+........<....#O##.#
##.............#.##.#
#.............#.##.#
####+#######.#.##.# .#.##.#
### #.##.# #.. #.##.# #.#
...#.#


You could see an ogre.

Vanquished Creatures
  Jessica (D:2)
  4 adders
  3 giant geckos
  An orc (D:3)
  4 bats
  A giant cockroach (D:2)
  6 goblins
  8 hobgoblins
  4 jackals (D:2)
  13 kobolds
  2 ball pythons (D:2)
  2 giant newts
  3 rats
52 creatures vanquished.

Vanquished Creatures (others)
  A goblin (D:1)
1 creature vanquished.

Grand Total: 53 creatures vanquished

Notes
Turn   | Place    | Note
--------------------------------------------------------------
     0 | D:1      | DEFE, the Sludge Elf Fighter, began the quest for the Orb.
     0 | D:1      | Reached XP level 1. HP: 16/16 MP: 0/0
   280 | D:1      | Reached skill level 1 in Dodging
   362 | D:1      | Reached XP level 2. HP: 18/21 MP: 2/2
  1243 | D:2      | Noticed Jessica
  1252 | D:2      | Reached XP level 3. HP: 24/27 MP: 3/3
  1346 | D:2      | Killed Jessica
  1625 | D:2      | Reached XP level 4. HP: 26/32 MP: 4/4
  1864 | D:2      | Found an iron altar of Okawaru.
  1959 | D:2      | Became a worshipper of Warmaster Okawaru
  2273 | D:2      | Reached skill level 1 in Unarmed Combat
  3140 | D:3      | Noticed an ogre
  3148 | D:3      | Slain by an ogre

Action                   |  1- 3 |  4- 6 || total
-------------------------+-------+-------++-------
Melee: Short sword       |   117 |   136 ||   253
  Use: Scroll            |     2 |     1 ||     3
       Potion            |       |     1 ||     1
